 Dungeon Crawl Stone Soup version 0.23.2-1-ga50397a (webtiles) character file.

Game seed: 9729911658260220728

4214 Fang the Fighter (level 10, -10/65 HPs)
             Began as a Gargoyle Berserker on Apr 23, 2019.
             Was a High Priest of Trog.
             Killed from afar by Erica (30 damage)
             ... with an orb of energy
             ... on level 7 of the Dungeon.
             The game lasted 00:09:40 (7321 turns).

Fang the Fighter (Gargoyle Berserker)               Turns: 7321, Time: 00:09:41

Health: -10/65     AC: 19    Str: 26    XL:     10   Next: 29%
Magic:  10/10      EV: 13    Int:  9    God:    Trog [*****.]
Gold:   437        SH:  0    Dex:  9    Spells: 9/9 levels left

rFire    . . .     SeeInvis .   E - +0 war axe
rCold    . . .     Gourm    .   (no shield)
rNeg     + . .     Faith    .   u - +2 scale mail of Peek-a-Boo {MR+}
rPois    ∞         Spirit   .   (no helmet)
rElec    +         Reflect  .   (no cloak)
rCorr    .         Harm     .   (no gloves)
MR       +++..                  (no boots)
Stlth    ..........             (no amulet)
HPRegen  1.20/turn              g - +2 ring of protection
MPRegen  0.12/turn              z - +3 ring of strength

@: berserk cooldown, regenerating, slowed, very slow
A: negative energy resistance 1, electricity resistance, unbreathing,
petrification resistance, rot immunity, AC +7
a: Berserk, Trog's Hand, Brothers in Arms, Renounce Religion


You were on level 7 of the Dungeon.
You worshipped Trog.
Trog was extremely pleased with you.
You were very hungry.

You visited 2 branches of the dungeon, and saw 9 of its levels.
You also visited: Sewer and Ossuary.

You collected 479 gold pieces.
You spent 42 gold pieces at shops.

Inventory:

Hand Weapons
 D - a +1 antimagic broad axe
 E - a +0 war axe (weapon)
Armour
 b - a +0 plate armour
 u - the +2 scale mail of Peek-a-Boo (worn) {MR+}
   (You found it on level 4 of the Dungeon)

   It affects your resistance to hostile enchantments.
Jewellery
 g - a +2 ring of protection (left hand)
 x - an uncursed ring of ice
 z - a +3 ring of strength (right hand)
Wands
 t - a wand of random effects (20)
 A - a wand of disintegration (9)
Scrolls
 e - 8 scrolls of identify {unknown}
 f - 2 scrolls of amnesia {unknown}
 h - 12 scrolls of remove curse {unknown}
 i - 3 scrolls of magic mapping {unknown}
 l - 8 scrolls of teleportation
 m - 3 scrolls of immolation {unknown}
 n - 2 scrolls of blinking {unknown}
 o - 4 scrolls of noise {unknown}
 p - 3 scrolls of enchant weapon {unknown}
 r - 2 scrolls of enchant armour {unknown}
 y - a scroll of summoning {unknown}
Potions
 j - a potion of heal wounds {unknown}
 k - 6 potions of flight
 q - 3 potions of cancellation {unknown}
 s - a potion of lignification {unknown}
 v - a potion of degeneration {unknown}
 w - 2 potions of haste {unknown}
 C - a potion of mutation {unknown}
Comestibles
 c - 13 rations
 B - 3 chunks of flesh


   Skills:
 + Level 8.7 Fighting
 + Level 7.2 Axes
 + Level 8.3 Armour
 + Level 6.3 Dodging


You had 9 spell levels left.
You didn't know any spells.
Your spell library was empty.

Dungeon Overview and Level Annotations

Branches:
Dungeon (8/15)             Temple (1/1) D:4
   Lair: D:8-11

Altars:
Ashenzari
Hepliaklqana
Qazlal
Uskayaw
Zin

Shops:
D:5 *[*

Annotations:
D:7 Erica


Innate Abilities, Weirdness & Mutations

You are resistant to torment.
Your stone body is resilient. (AC +7)
You are immune to poison.
You resist negative energy. (rN+)
You are resistant to electric shocks. (rElec)
You can survive without breathing.
You are immune to petrification.
You are immune to rotting.


Message History

Something hits you but does no damage. The orc misses you.
You see here a +0 club.
You slash the orc!
You kill the orc!
Trog accepts your kill.
You barely miss something.
Erica appears from thin air!
Reactivating autopickup.
Erica casts a spell.
Erica flickers and vanishes!
Deactivating autopickup; reactivate with Ctrl-A.
Something hits you!
* * * LOW HITPOINT WARNING * * *
Something burns you.
* * * LOW HITPOINT WARNING * * *
Okay, then.
You feel the effects of Trog's Hand fading.
You hear some strange, mumbled words.
An orb of energy appears from out of thin air!
The orb of energy hits you!!
You die...

.......###........###...#
###.....########.###....#
##.#...########.##...###
##..###....##.......#.#
.#.####.##....##.#....#
......#<.......#.#.#####
.####.###..#.....#.....##
.####...................##
...##.#.........@).......#
...##............>{......#
_......#..........÷......#
...#####..........)......#
...# #.................#
.### #.................#
.# ####.............## .#
##.....#.....## .#
#############


There were no monsters in sight!

Vanquished Creatures
  Joseph (D:7)
  Grinder (D:4)
  A hippogriff (D:7)
  Sigmund (D:4)
  A vampire (D:7)
  Eustachio (D:6)
  Menkaure (D:4)
  Edmund (D:6)
  Duvessa (D:5)
  An orc warrior (D:6)
  An ice beast (D:7)
  A phantom (D:7)
  2 sky beasts (D:7)
  An ogre (D:5)
  A centaur (D:5)
  A crocodile (D:8)
  2 elf zombies (Ossuary)
  3 bullfrogs (D:7)
  A scorpion (D:4)
  Dowan (D:5)
  2 howler monkeys (D:4)
  A crimson imp (D:5)
  3 centaur zombies (Ossuary)
  5 hounds
  A quasit (D:8)
  4 orc priests
  2 iguanas (D:6)
  11 orc wizards
  A bullfrog skeleton (D:8)
  A merfolk siren (Sewer)
  A merfolk avatar (Sewer)
  7 worker ants
  2 ogre zombies (Ossuary)
  7 mummies (Ossuary)
  A worker ant zombie (D:5)
  4 gnolls
  A howler monkey skeleton (D:6)
  11 adders
  3 river rats (Sewer)
  3 adder zombies (Ossuary)
  2 worms
  4 leopard geckos
  31 orcs
  6 ball pythons
  6 bats
  8 giant cockroaches
  7 goblins
  12 hobgoblins
  4 jackals (D:4)
  2 quokkas
  8 frilled lizards
  2 gnoll zombies (Ossuary)
  2 goblin zombies (Ossuary)
  4 hobgoblin zombies (Ossuary)
  A jackal skeleton (D:5)
  7 kobolds
  5 kobold zombies (Ossuary)
  A leopard gecko skeleton (D:5)
  An orc zombie (Ossuary)
  5 quokka zombies
  30 rats
  3 rat zombies
246 creatures vanquished.

Notes
Turn   | Place    | Note
-------+----------+-------------------------------------------
     0 | D:1      | Fang the Gargoyle Berserker began the quest for the Orb.
     0 | D:1      | Reached XP level 1. HP: 14/14 MP: 1/1
   117 | D:1      | Reached XP level 2. HP: 19/19 MP: 2/2
   592 | D:1      | Reached ** piety under Trog
   592 | D:1      | Reached XP level 3. HP: 23/23 MP: 3/3
   730 | D:2      | Found a shattered altar of Ashenzari.
   875 | D:2      | Reached XP level 4. HP: 27/29 MP: 4/4
  1354 | D:3      | Reached XP level 5. HP: 29/33 MP: 5/5
  2133 | D:3      | Found a glowing silver altar of Zin.
  2134 | D:3      | Noticed an angel
  2278 | D:4      | Reached XP level 6. HP: 25/39 MP: 6/6
  2329 | D:4      | Reached *** piety under Trog
  2330 | D:4      | Noticed Menkaure
  2337 | D:4      | Killed Menkaure
  2337 | D:4      | Reached skill level 5 in Fighting
  2401 | D:4      | Reached XP level 7. HP: 40/44 MP: 7/7
  2430 | D:4      | Found a sand-covered staircase.
  2473 | Ossuary  | Entered an ossuary
  2670 | Ossuary  | HP: 3/66 [mummy (6)]
  2673 | Ossuary  | Reached **** piety under Trog
  2675 | Ossuary  | Reached skill level 5 in Armour
  3171 | Ossuary  | Reached XP level 8. HP: 48/51 MP: 8/8
  3248 | D:4      | Noticed Grinder
  3263 | D:4      | Paralysed by Grinder for 3 turns
  3279 | D:4      | Paralysed by Grinder for 2 turns
  3283 | D:4      | Killed Grinder
  3283 | D:4      | Reached skill level 5 in Axes
  3286 | D:4      | Got a steaming scale mail
  3297 | D:4      | Identified the +2 scale mail of Peek-a-Boo {MR+} (You found
                  | it on level 4 of the Dungeon)
  3315 | D:4      | Noticed Sigmund
  3336 | D:4      | Killed Sigmund
  3483 | D:4      | Found a staircase to the Ecumenical Temple.
  3547 | Temple   | Entered the Ecumenical Temple
  3896 | D:5      | Entered Level 5 of the Dungeon
  3952 | D:5      | Noticed Duvessa
  3952 | D:5      | Noticed Dowan
  3954 | D:5      | Found Oguydaez's General Store.
  3969 | D:5      | Killed Dowan
  3974 | D:5      | Killed Duvessa
  4108 | D:5      | Found Aqipte Guto's General Store.
  4393 | D:5      | Found Vyseiji's Armour Shoppe.
  4403 | D:5      | Reached XP level 9. HP: 40/57 MP: 9/9
  4676 | D:6      | Noticed Edmund
  4711 | D:6      | Killed Edmund
  4711 | D:6      | Reached skill level 5 in Dodging
  5071 | D:6      | Reached ***** piety under Trog
  5214 | D:6      | Noticed Eustachio
  5253 | D:6      | Killed Eustachio
  5344 | D:6      | Found a glowing drain.
  5378 | Sewer    | Entered a sewer
  6643 | D:7      | Noticed Joseph
  6669 | D:7      | Killed Joseph
  6669 | D:7      | Reached XP level 10. HP: 31/65 MP: 10/10
  6884 | D:7      | Found a hide-covered altar of Uskayaw.
  6966 | D:7      | Found a stormy altar of Qazlal.
  6975 | D:7      | Received a gift from Trog
  7128 | D:5      | Bought a +0 war axe for 42 gold pieces
  7187 | D:8      | Noticed Erica
  7321 | D:7      | Killed from afar by Erica

Skill      XL: |  1  2  3  4  5  6  7  8  9 |
---------------+----------------------------+-----
Axes           | 3 4 5 7 |  7.2
Dodging        | 2 3 4 6 |  6.3
Armour         | 3 4 5 6 8 |  8.3
Fighting       | 4 5 7 8 |  8.7

Action                   |  1- 3 |  4- 6 |  7- 9 | 10-12 || total
-------------------------+-------+-------+-------+-------++-------
Melee: Hand axe          |    98 |   160 |   877 |    57 ||  1192
       War axe           |       |       |       |    42 ||    42
       Broad axe         |       |       |       |     1 ||     1
Invok: Berserk           |       |     1 |     8 |     1 ||    10
       Trog's Hand       |       |       |     3 |     1 ||     4
  Use: Potion            |       |       |       |     1 ||     1
  Eat: Chunk             |       |     6 |    14 |     2 ||    22
       Ration            |       |       |     3 |       ||     3
Armor: Animal skin       |    15 |       |       |       ||    15
       Chain mail        |    42 |     6 |       |       ||    48
       Plate armour      |       |   160 |   127 |       ||   287
       Scale mail        |       |       |   361 |    74 ||   435
Dodge: Dodged            |    52 |    71 |   449 |   110 ||   682
